 Dungeon Crawl Stone Soup version 0.18-a0-1683-gf9322e6 (webtiles) character file.

431 Tomstefer the Insei (level 7, -1/37 HPs)
             Began as a Vine Stalker Monk on Apr 3, 2016.
             Slain by a yak (10 damage)
             ... on level 5 of the Dungeon.
             The game lasted 00:05:31 (3023 turns).

Tomstefer the Insei (Vine Stalker Monk)             Turns: 3023, Time: 00:05:32

Health: -1/37      AC:  6    Str: 14    XL:     7   Next: 0%
Magic:  0/8        EV: 12    Int: 10    God:
Gold:   256        SH:  0    Dex: 18    Spells: 0 memorised, 6 levels left

rFire  . . .     SeeInvis .       - Unarmed
rCold  . . .     Gourm    .     h - +0 ring mail
rNeg   . . .     Faith    .     (no shield)
rPois  .         Spirit   +     (no helmet)
rElec  .         Dismiss  .     u - +0 cloak
rCorr  .         Reflect  .     (no gloves)
SustAt .         Harm     .     (no boots)
MR     .....                    p - amulet of regeneration
Stlth  ++........               (no ring)
                                (no ring)

@: not resistant to hostile enchantments, unstealthy
A: fangs 2, regeneration 2, magic shield, antimagic bite, no device heal 3, rot
immunity
a: no special abilities


You were on level 5 of the Dungeon.
You were hungry.

You visited 1 branch of the dungeon, and saw 5 of its levels.

You collected 256 gold pieces.

Inventory:

Armour
 a - a +0 robe
 h - a +0 ring mail (worn)
 u - a +0 cloak (worn)
Jewellery
 p - an amulet of regeneration (around neck)
Scrolls
 f - 2 scrolls of enchant armour {unknown}
 i - a scroll of magic mapping {unknown}
 l - a scroll of identify {unknown}
 q - a scroll of remove curse {unknown}
 r - a scroll of teleportation {unknown}
 v - a scroll of noise {unknown}
Potions
 c - a potion of lignification {unknown}
 d - a potion of cure mutation {unknown}
 e - 2 potions of berserk rage {unknown}
 m - a potion of ambrosia {unknown}
 n - a potion of might {unknown}
 o - a potion of resistance {unknown}
 s - 2 potions of degeneration {unknown}
 t - 3 potions of curing {unknown}
Books
 k - a Grand Grimoire

   Spells                             Type                      Level
   a - Monstrous Menagerie            Summoning                    7
   b - Summon Greater Demon           Summoning                    7
   c - Malign Gateway                 Summoning/Translocation      7
   d - Summon Horrible Things         Summoning                    8
Comestibles
 b - 7 bread rations
 g - 2 meat rations
 j - a beef jerky
 w - 3 fruits
 x - a slice of pizza


   Skills:
 + Level 4.3 Fighting
 - Level 2.4 Dodging
 - Level 2.4 Stealth
 * Level 7.1 Unarmed Combat


You had 6 spell levels left.
You didn't know any spells.

Dungeon Overview and Level Annotations

Branches:
Dungeon (5/15)
 Temple: D:4-7

Altars:
Elyvilon
Qazlal
Zin
The Shining One

Shops:
D:4 (


Innate Abilities, Weirdness & Mutations

You have extremely sharp teeth.
You heal very quickly.
When hurt, damage is shared between your health and your magic reserves.
Your bite disrupts and absorbs the magic of your enemies.
Potions and wands cannot restore your health.
You are immune to rotting.


Message History

There is a stone staircase leading up here.
The yak bellows!
The yak bellows!
You hear a bellow! x2
A yak comes into view.
You barely miss the yak. You punch the yak!
The yak is moderately wounded.
The yak gores you.
You punch the yak! You bite the yak. You drain its power.
You feel invigorated.
The yak is heavily wounded.
The yak gores you.
You hit the yak.
The yak is heavily wounded.
The yak gores you!
Your ring mail prevents you from hitting the yak.
The yak is heavily wounded.
The yak gores you! x2
* * * LOW HITPOINT WARNING * * *
The yak gores you!
You die...

^... §.
###..#
≈(^#≈#≈.#
≈.^#.#^.#
..^^^.^.#
._......#
..≈...≈<#
^.(##^≈.#
#^#Y@# ≈≈
#YY# ...
..#Y# #.
####.# #
#.# ..#
###


You could see 4 yaks.

Vanquished Creatures
  The ghost of Kidiri the Magician, an amateur DEFE (D:3)
  Ijyb (D:2)
  Natasha (thrice) (D:2)
  3 worker ants (D:4)
  A hound skeleton (D:4)
  5 adders
  An adder zombie (D:2)
  3 adder skeletons
  2 worms (D:2)
  2 dart slugs (D:1)
  2 giant geckos
  5 orcs (D:3)
  A bat (D:3)
  A bat zombie (D:2)
  2 giant cockroaches
  8 goblins
  5 hobgoblins
  6 jackals (D:3)
  7 kobolds
  3 quokkas
  A giant gecko zombie (D:2)
  5 giant newts
  A jackal skeleton (D:4)
  9 rats
78 creatures vanquished.

Notes
Turn   | Place    | Note
--------------------------------------------------------------
     0 | D:1      | Tomstefer the Vine Stalker Monk began the quest for the Orb.
     0 | D:1      | Reached XP level 1. HP: 11/11 MP: 2/2
    85 | D:1      | Reached XP level 2. HP: 16/16 MP: 1/3
   589 | D:2      | Reached XP level 3. HP: 15/19 MP: 4/4
   719 | D:2      | Reached skill level 5 in Unarmed Combat
   738 | D:2      | Noticed Natasha
   746 | D:2      | Killed Natasha
   746 | D:2      | Reached XP level 4. HP: 16/24 MP: 3/5
   814 | D:2      | Noticed Natasha
   830 | D:2      | Killed Natasha
   935 | D:2      | Noticed Natasha
   941 | D:2      | Killed Natasha
   941 | D:2      | Reached XP level 5. HP: 24/28 MP: 6/6
  1018 | D:2      | Noticed Ijyb
  1030 | D:2      | Killed Ijyb
  1341 | D:3      | Noticed Kidiri's ghost (amateur DEFE)
  1359 | D:3      | Killed Kidiri's ghost
  1359 | D:3      | Reached skill level 6 in Unarmed Combat
  1359 | D:3      | Gained mutation: You heal very quickly. [Vine Stalker growth]
  1359 | D:3      | Reached XP level 6. HP: 27/33 MP: 5/7
  2349 | D:4      | Reached skill level 7 in Unarmed Combat
  2513 | D:4      | Found a white marble altar of Elyvilon.
  2513 | D:4      | Found a glowing golden altar of the Shining One.
  2514 | D:4      | Found a glowing silver altar of Zin.
  2837 | D:4      | Found Citin's Antique Weapon Boutique.
  2963 | D:4      | Reached XP level 7. HP: 34/37 MP: 8/8
  3016 | D:5      | Entered Level 5 of the Dungeon
  3016 | D:5      | Found a stormy altar of Qazlal.
  3016 | D:5      | Noticed a yak
  3016 | D:5      | Noticed a yak
  3016 | D:5      | Noticed a yak
  3019 | D:5      | Noticed a yak
  3023 | D:5      | Slain by a yak

Vault maps used:
D:1:      eino_arrival_water_star
D:2:      serial_undead, serial_undead_d, serial_undead_e, serial_undead_b,
          serial_undead_a, serial_undead_a, serial_undead_a,
          minmay_misc_feat_alley, uniq_natasha, uniq_iyjb
D:3:      kennysheep_generic_room_9
D:4:      good_gods_mini_temple, first_bread, serial_shops,
          nicolae_shop_statue_plus
D:5:      nicolae_ru_the_path_less_chosen, minmay_temple_entry_hall,
          grunt_qazlal_sundering, uniq_duvessa, uniq_grinder

Skill      XL: |  1  2  3  4  5  6 |
---------------+-------------------+-----
Fighting       | 3 4 |  4.3
Unarmed Combat | 5 6 7 |  7.1
Dodging        | |  2.4
Stealth        | |  2.4

Action                   |  1- 3 |  4- 6 |  7- 9 || total
-------------------------+-------+-------+-------++-------
Melee: Unarmed           |    82 |   167 |     5 ||   254
 Stab: Sleeping          |     7 |     4 |       ||    11
       Distracted        |     1 |     1 |       ||     2
  Eat: Chunk             |       |     6 |       ||     6
